 Dungeon Crawl Stone Soup version 0.25-a0-875-geaba134f46 (webtiles) character file.

Game seed: 16699892595333643847, levelgen mode: classic

147 EnegeticOcto the Slasher (level 5, -4/37 HPs)
             Began as an Octopode Fighter on May 1, 2020.
             Slain by an orc
             ... wielding a +0 hand axe
              (5 damage)
             ... on level 3 of the Dungeon.
             The game lasted 00:00:57 (2141 turns).

EnegeticOcto the Slasher (Octopode Fighter)         Turns: 2141, Time: 00:00:58

Health: -4/37      AC:  1    Str: 16    XL:     5   Next: 29%
Magic:  14/14      EV: 12    Int: 10    God:
Gold:   98         SH:  9    Dex: 12    Spells: 4/4 levels left

rFire    . . .     SeeInvis .   a - +0 long sword
rCold    . . .     Gourm    .   b - +0 kite shield
rNeg     . . .     Faith    .   (helmet restricted)
rPois    .         Spirit   .   d - amulet of rage
rElec    .         Reflect  .   h - ring of magical power
rCorr    .         Harm     .   (no ring)
MR       .....                  (no ring)
Stlth    ++........             (no ring)
HPRegen  0.12/turn              (no ring)
MPRegen  0.14/turn              (no ring)
                                (no ring)
                                (no ring)

@: no status effects
A: almost no armour, stealthy swim, amphibious, 8 rings, constrict 8, camouflage
1, gelatinous body 1
a: Evoke Berserk Rage


You were on level 3 of the Dungeon.
You were not hungry.

You visited 1 branch of the dungeon, and saw 3 of its levels.

You collected 98 gold pieces.

Inventory:

Hand Weapons
 a - a +0 long sword (weapon)
Armour
 b - a +0 kite shield (worn)
Jewellery
 d - an amulet of rage (around mantle)
 h - a ring of magical power (left tentacle)
Scrolls
 c - 2 scrolls of random uselessness {unknown}
 f - 5 scrolls of identify {unknown}
 l - a scroll of noise {unknown}
 m - 2 scrolls of amnesia {unknown}
 n - a scroll of enchant weapon {unknown}
 o - a scroll of teleportation {unknown}
 p - 3 scrolls of magic mapping {unknown}
 q - a scroll of remove curse {unknown}
 s - a scroll of blinking {unknown}
Potions
 i - a potion of invisibility {unknown}
 j - a potion of magic {unknown}
 k - a potion of might {@q3}
 r - a potion of curing {unknown}
Comestibles
 e - 4 rations
 g - 3 chunks of flesh


   Skills:
 + Level 3.9 Fighting
 * Level 4.0 Long Blades
 - Level 3.0 Dodging
 + Level 3.8 Shields


You had 4 spell levels left.
You didn't know any spells.
Your spell library was empty.

Dungeon Overview and Level Annotations

Branches:
Dungeon (3/15)

Altars:
Okawaru
Sif Muna


Innate Abilities, Weirdness & Mutations

You cannot wear most types of armour.
You are very stealthy in the water. (Stealth+)
You are amphibious.
You can wear up to eight rings at the same time.
You can use your tentacles to constrict eight enemies at once.
Your skin changes colour to match your surroundings (Stealth+).
Your rubbery body absorbs attacks. (AC +1, EV +1)


Message History

No target in view!
No target in view!
No target in view!
No target in view!
Things that are here:
a +0 club; a hobgoblin corpse You butcher the hobgoblin corpse.
g - 3 chunks of flesh (gained 1)
Things that are here:
a +0 club; a hobgoblin skeleton
Things that are here:
a +0 club; a hobgoblin skeleton A quokka comes into view.
A quokka is nearby!
A quokka is nearby!
The quokka twitches its whiskers.
You hit the quokka. You grab the quokka.
The quokka is heavily wounded.
You constrict the quokka. The quokka barely misses you. x2
You slash the quokka!
You kill the quokka!
No target in view!
No target in view!
No target in view!
p - 3 scrolls labeled YMEXZO YSCHAITH (gained 1)
An orc comes into view. It is wielding a +0 whip.
An orc is nearby!
An orc is nearby!
An orc is nearby!
An orc wizard comes into view.
It is wielding a +0 dagger and wearing a +2 robe of fire resistance.
An orc comes into view. It is wielding a +0 hand axe.
The orc shouts! x2; The orc wizard shouts!
An orc priest comes into view. It is wielding a +0 whip.
An orc comes into view. It is wielding a -2 hand axe.
You barely miss the orc.
The orc shouts!
Your grab misses the orc. You squeeze the orc!
You kill the orc!
You hear a shout!
The orc wizard casts a spell at you. The puff of flame hits you!
The orc wizard closely misses you.
You completely miss the orc wizard. Your grab misses the orc wizard.
Your squeeze misses the orc wizard. The orc barely misses you.
The orc wizard barely misses you.
You riposte.
You hit the orc wizard but do no damage.
You grab the orc wizard. You squeeze the orc wizard!
The orc wizard is heavily wounded.
The orc wizard casts a spell at you. The magic dart hits you!
You are too injured to fight recklessly!
You are too injured to fight recklessly!
You are too injured to fight recklessly!
You are too injured to fight recklessly!
You are too injured to fight recklessly!
You are too injured to fight recklessly!
There are monsters nearby!
There are monsters nearby!
You hit the orc priest. Your grab misses the orc priest.
Your squeeze misses the orc priest.
The orc priest is moderately wounded.
You constrict the orc wizard, but do no damage.
The orc closely misses you. You block the orc priest's attack.
You block the orc wizard's attack. You block the orc's attack.
You slash the orc priest! You grab the orc priest.
The orc priest is severely wounded.
You constrict the orc wizard. You constrict the orc priest.
The orc barely misses you.
You riposte.
You hit the orc. Your grab misses the orc. Your squeeze misses the orc.
The orc is heavily wounded.
You block the orc priest's attack.
The orc wizard hits you with a +0 dagger.
The orc hits you but does no damage.
You hit the orc priest.
You kill the orc priest!
You have reached level 5!
You feel agile.
You constrict the orc wizard. You block the orc's attack.
The orc wizard hits you with a +0 dagger.
The orc hits you with a +0 hand axe!
* * * LOW HITPOINT WARNING * * *
You hit the orc wizard.
You kill the orc wizard!
Your Long Blades skill increases to level 4!
You block the orc's attack. The orc hits you with a +0 hand axe.
* * * LOW HITPOINT WARNING * * *
You block the orc's attack.
You hit the orc. You grab the orc. You squeeze the orc.
You kill the orc!
The orc hits you but does no damage.
You barely miss the orc. Your grab misses the orc. Your squeeze misses the orc.
You block the orc's attack.
You hit the orc. Your grab misses the orc.
The orc is lightly wounded.
You block the orc's attack. The orc hits you with a +0 hand axe.
* * * LOW HITPOINT WARNING * * *
You hit the orc but do no damage. You grab the orc.
The orc is lightly wounded.
You constrict the orc. The orc hits you with a +0 hand axe.
You die...

...
...#....########
....###.#....#
....#...+....#
.......#...##
#.......#
##$..#### #.
###...##
##...#......#
......)@....#
......)o)...#
............#
............#
............#
..........#.#
..........#.#
.........## #


You could see an orc.

Vanquished Creatures
  An orc priest (D:3)
  An orc wizard (D:3)
  An adder (D:2)
  A gnoll (D:2)
  2 dart slugs (D:1)
  A leopard gecko (D:3)
  2 orcs (D:3)
  2 ball pythons
  5 giant cockroaches
  6 hobgoblins
  6 jackals
  A quokka (D:3)
  9 bats
  2 frilled lizards (D:1)
  4 goblins
  5 kobolds
  A quokka zombie (D:3)
  8 rats
58 creatures vanquished.

Notes
Turn   | Place    | Note
-------+----------+-------------------------------------------
     0 | D:1      | EnegeticOcto the Octopode Fighter began the quest for the
                  | Orb.
     0 | D:1      | Reached XP level 1. HP: 16/16 MP: 1/1
   214 | D:1      | Reached XP level 2. HP: 21/21 MP: 2/2
   576 | D:1      | Reached XP level 3. HP: 26/26 MP: 3/3
   804 | D:2      | Reached skill level 3 in Long Blades
  1064 | D:2      | Found a shimmering blue altar of Sif Muna.
  1190 | D:2      | Reached XP level 4. HP: 31/31 MP: 4/4
  1363 | D:2      | Found an iron altar of Okawaru.
  2136 | D:3      | Reached XP level 5. HP: 15/37 MP: 5/5
  2137 | D:3      | Reached skill level 4 in Long Blades
  2140 | D:3      | HP: 1/37 [orc/+0 hand axe (3)]
  2141 | D:3      | Slain by an orc

Levels and vault maps discovered:
D:1:      heliophobic_arrival_enchanted_forest, layout_basic
D:2:      layout_loops_ring, nicolae_overflow_crystal_walls, marbit_many_paths,
          minmay_pentomino_x4
D:3:      layout_basic, lemuel_crystal_altar, kennysheep_generic_room_3

Skill      XL: |  1  2  3  4  5 |
---------------+----------------+-----
Long Blades    | 3 4 |  4.0
Fighting       | |  3.9
Dodging        | |  3.0
Shields        | |  3.8

Action                   |  1- 3 |  4- 6 || total
-------------------------+-------+-------++-------
Melee: Long sword        |    47 |    44 ||    91
       Constrict         |    12 |    18 ||    30
       Tentacles         |     7 |     7 ||    14
 Stab: Sleeping          |     3 |     2 ||     5
  Eat: Chunk             |     1 |     3 ||     4
Armor: Skin              |     5 |     2 ||     7
Dodge: Dodged            |    29 |    28 ||    57
Block: Kite shield       |    18 |    31 ||    49
       Rpst.: Long sword |     8 |    10 ||    18

Table legend:
 A = Non-vault XP
 B = Vault XP
 C = Vault XP percentage of total XP
 D = Non-vault monster count
 E = Vault monster count
 F = Vault count percentage of total count
                 A         B        C        D         E       F
            +---------+---------+-------+---------+---------+-------
      Total |     180 |      30 |  14.3 |      55 |       3 |   5.2
            +---------+---------+-------+---------+---------+-------
        D:1 |      34 |       0 |   0.0 |      20 |       0 |   0.0
        D:2 |      29 |      30 |  50.8 |      18 |       3 |  14.3
        D:3 |     117 |       0 |   0.0 |      17 |       0 |   0.0
            +---------+---------+-------+---------+---------+-------
